 Dungeon Crawl Stone Soup version 0.23.0 (webtiles) character file.

Game seed: 12561632916923744057

15043 Faca the Fighter (level 11, -4/107 HPs)
             Began as a Centaur Hunter on Feb 12, 2019.
             Was the Champion of Okawaru.
             Slain by a freezing wraith (11 damage)
             ... led by a death knight
             ... on level 12 of the Dungeon.
             The game lasted 01:03:04 (18961 turns).

Faca the Fighter (Centaur Hunter)                  Turns: 18961, Time: 01:03:04

Health: -4/107     AC: 14    Str: 21    XL:     11   Next: 96%
Magic:  0/22       EV:  7    Int: 10    God:    Okawaru [******]
Gold:   676        SH:  0    Dex: 14    Spells: 10/10 levels left

rFire    . . .     SeeInvis .   a - +6 longbow of Purpose {venom, Str+5 Dex+2}
rCold    . . .     Gourm    .   (shield currently unavailable)
rNeg     + . .     Faith    .   e - +0 ring mail
rPois    .         Spirit   +   l - +1 helmet
rElec    .         Reflect  .   o - +0 cloak
rCorr    .         Harm     .   (no gloves)
MR       .....                  x - +2 centaur barding
Stlth    ..........             k - amulet of guardian spirit
HPRegen  0.27/turn              v - ring of positive energy
MPRegen  0.18/turn              D - ring of magical power

@: studying Armour, very quick
A: large, hooves 3, deformed body, speed 2, tough skin 3
a: Heroism, Finesse, Renounce Religion


You were on level 12 of the Dungeon.
You worshipped Okawaru.
Okawaru was exalted by your worship.
You were not hungry.

You visited 2 branches of the dungeon, and saw 13 of its levels.
You also visited: Ossuary and Bailey.

You collected 676 gold pieces.

Inventory:

Hand Weapons
 a - the +6 longbow of Purpose (weapon) {venom, Str+5 Dex+2}
   (Okawaru gifted it to you in a bailey)

   It poisons the ammo it fires.
   It affects your strength (+5).
   It affects your dexterity (+2).
 c - a +1 trident
 E - a +0 halberd
Missiles
 d - 336 arrows (quivered)
Armour
 e - a +0 ring mail (worn)
 l - a +1 helmet (worn)
 o - a +0 cloak (worn)
 x - a +2 centaur barding (worn)
Jewellery
 k - an amulet of guardian spirit (around neck)
 v - a ring of positive energy (left hand)
 D - a ring of magical power (right hand)
Wands
 b - a wand of paralysis (16)
 q - a wand of clouds (4)
 t - a wand of digging (4)
 F - a wand of disintegration (8)
 H - a wand of flame (21)
 J - a wand of scattershot (15)
Scrolls
 h - 5 scrolls of teleportation
 i - 2 scrolls of fog
 j - 2 scrolls of magic mapping
 r - 3 scrolls of enchant armour
 u - 5 scrolls of remove curse
 y - 2 scrolls of enchant weapon
Potions
 g - a potion of resistance {unknown}
 m - 4 potions of heal wounds
 n - 3 potions of cancellation
 p - 5 potions of lignification
 s - 2 potions of haste
 w - 3 potions of agility
 z - 3 potions of berserk rage {unknown}
 A - 4 potions of curing
 B - 2 potions of brilliance {unknown}
 C - 2 potions of flight {unknown}
 G - a potion of mutation {unknown}
 I - a potion of ambrosia {unknown}
 L - a potion of experience {unknown}
Books
 M - a manual of Armour
Comestibles
 f - 9 rations
 K - 6 chunks of flesh


   Skills:
 + Level 13.3 Fighting
 - Level 10.3 Polearms
 + Level 11.2 Bows
 - Level 1.3 Dodging
 - Level 0.4 Stealth
 + Level 3.5 Invocations


You had 10 spell levels left.
You didn't know any spells.
Your spell library contained the following spells:

 Spells                   Type           Power        Failure   Level  Hunger
 Animate Skeleton         Necr           N/A          54%         1    ##.....
 Beastly Appendage        Tmut           #.....       54%         1    ##.....
 Confusing Touch          Hex            #.....       54%         1    ##.....
 Magic Dart               Conj           #...         54%         1    ##.....
 Searing Ray              Conj           #.....       67%         2    ###....
 Sticks to Snakes         Tmut           #.......     67%         2    ###....
 Confuse                  Hex            #.......     88%         3    ####...
 Dazzling Spray           Conj/Hex       #.....       88%         3    ####...
 Gell's Gravitas          Tloc           #.........   88%         3    ####...
 Spider Form              Tmut/Pois      #.........   88%         3    ####...
 Force Lance              Conj/Tloc      #.......     99%         4    #####..
 Fulminant Prism          Conj/Hex       #.........   99%         4    #####..
 Ice Form                 Ice/Tmut       #.......     99%         4    #####..
 Iskenderun's Mystic Bla  Conj           #.......     99%         4    #####..
 Petrify                  Tmut/Erth      #.......     99%         4    #####..
 Blade Hands              Tmut           #.........   100%        5    ######.
 Metabolic Englaciation   Hex/Ice        #.........   100%        5    ######.
 Yara's Violent Unravell  Hex/Tmut       #.........   100%        5    ######.


Dungeon Overview and Level Annotations

Branches:
Dungeon (12/15)            Temple (1/1) D:5            Lair (0/6) D:9
    Orc: D:9-12

Altars:
Ashenzari
Cheibriados
Dithmenos
Elyvilon
Fedhas
Gozag
Hepliaklqana
Kikubaaqudgha
Makhleb
Nemelex Xobeh
Okawaru
Qazlal
Ru
Sif Muna
Trog
Uskayaw
Vehumet
Wu Jian
Xom
Yredelemnul
Zin
The Shining One

Shops:
D:5 =

Annotations:
D:5 2 transporters, sokol815's ghost, novice OpFi


Innate Abilities, Weirdness & Mutations

You have hooves in place of feet.
Armour fits poorly on your strangely shaped body.
You cover ground very quickly.
You have extremely tough skin. (AC +3)


Message History

The arrow closely misses the freezing wraith.
The freezing wraith hits you but does no damage.
The freezing wraith closely misses you. The freezing wraith hits you!
The freezing wraith freezes you!
* * * LOW HITPOINT WARNING * * *
The freezing wraith hits you.
* * * LOW HITPOINT WARNING * * *
Firing (i - inventory)
d - 337 arrows (quivered)
Press: ? - help, Shift-Dir - straight line, f/p - freezing wraith
Aim: a freezing wraith (almost destroyed)
You shoot an arrow.
The arrow barely misses the freezing wraith.
You feel yourself speed up. The freezing wraith hits you.
* * * LOW HITPOINT WARNING * * *
The freezing wraith freezes you!
* * * LOW HITPOINT WARNING * * *
The freezing wraith hits you but does no damage.
The freezing wraith hits you!
You die...

......................#
...W(...(.............#
................#######
.####..######...# .#
#..# #.<.#
.####.(######(..#######
)........((.((........#
......................#
.........(.....W@.....#
......(..(...÷.########
##..#########)(# #..#
#.÷# #..# #..#
#..#########..#
.......†<..)..#
###############


You could see a freezing wraith.

Vanquished Creatures
  A hydra (D:11)
  A death knight (D:12)
  A two-headed ogre (D:9)
  Urug (D:11)
  An orc knight (Bailey)
  3 ugly things
  A komodo dragon (D:12)
  A troll (D:11)
  Grinder (D:3)
  2 hippogriffs
  2 shadows (D:12)
  10 yaks
  2 wraiths (D:12)
  Sigmund (D:2)
  A wyvern (D:11)
  2 basilisks (D:9)
  A water moccasin (D:11)
  4 porcupines (D:9)
  14 orc warriors
  An ice beast (D:9)
  2 black bears
  4 ogres
  3 phantoms
  An eye of draining (D:12)
  A necrophage (D:5)
  2 crocodiles (D:9)
  7 centaurs
  3 big kobolds
  2 bullfrogs (D:8)
  A gnoll sergeant (D:11)
  A wyvern zombie (D:11)
  A water moccasin zombie (D:8)
  3 scorpions
  3 killer bees (D:8)
  6 howler monkeys
  2 electric eels (D:10)
  6 crimson imps
  2 quasits (D:10)
  A bullfrog zombie (D:11)
  7 hounds
  3 bullfrog skeletons
  10 orc priests
  3 jellies
  4 iguanas
  Ijyb (D:3)
  Terence (D:3)
  2 gnoll shamans
  14 orc wizards
  12 worker ants
  3 hound skeletons
  13 mummies (Ossuary)
  A worker ant zombie (D:9)
  Robin (D:1)
  11 gnolls
  A howler monkey skeleton (D:4)
  11 adders
  2 shadow imps
  An adder zombie (D:5)
  2 adder skeletons
  A worm (D:2)
  3 dart slugs (D:2)
  A leopard gecko (D:3)
  65 orcs
  3 ball pythons
  11 giant cockroaches
  15 hobgoblins
  17 jackals
  3 quokkas
  11 bats
  6 frilled lizards
  5 gnoll skeletons (Ossuary)
  19 goblins
  2 goblin skeletons (Ossuary)
  A jackal skeleton (D:4)
  25 kobolds
  An orc skeleton (Ossuary)
  8 rats
  11 rat skeletons (Ossuary)
413 creatures vanquished.

Vanquished Creatures (others)
  2 bushes (D:9)
  A fungus (D:9)
  16 plants (D:9)
19 creatures vanquished.

Grand Total: 432 creatures vanquished

Notes
Turn   | Place    | Note
-------+----------+-------------------------------------------
     0 | D:1      | Faca the Centaur Hunter began the quest for the Orb.
     0 | D:1      | Reached XP level 1. HP: 17/17 MP: 1/1
   327 | D:1      | Reached XP level 2. HP: 24/25 MP: 2/2
   466 | D:1      | Reached skill level 3 in Fighting
  1032 | D:2      | Reached XP level 3. HP: 24/31 MP: 0/3
  1116 | D:2      | Noticed Sigmund
  1124 | D:2      | Killed Sigmund
  1124 | D:2      | Reached skill level 5 in Fighting
  1124 | D:2      | Reached XP level 4. HP: 41/44 MP: 1/4
  1124 | D:2      | Reached XP level 5. HP: 46/50 MP: 1/5
  1390 | D:2      | Noticed Robin
  1486 | D:1      | Killed Robin
  1486 | D:1      | Reached skill level 6 in Fighting
  1926 | D:2      | Found an ancient bone altar of Kikubaaqudgha.
  2182 | D:2      | Found a deep blue altar of Sif Muna.
  2193 | D:2      | Found a radiant altar of Vehumet.
  2201 | D:2      | Identified Kikubaaqudgha's Tome of Black Arts
  2355 | D:3      | Reached XP level 6. HP: 57/57 MP: 6/6
  2366 | D:3      | Noticed Grinder
  2424 | D:3      | Paralysed by Grinder for 2 turns
  2430 | D:3      | Killed Grinder
  2642 | D:3      | Noticed Ijyb
  2664 | D:3      | Killed Ijyb
  3054 | D:3      | Reached XP level 7. HP: 64/64 MP: 7/7
  3084 | D:3      | Noticed Terence
  3098 | D:3      | Killed Terence
  3230 | D:3      | Reached skill level 7 in Fighting
  3554 | D:4      | Reached skill level 1 in Polearms
  4819 | D:5      | Entered Level 5 of the Dungeon
  4837 | D:5      | Found Icre's Jewellery Emporium.
  4912 | D:5      | Found a staircase to the Ecumenical Temple.
  4919 | Temple   | Entered the Ecumenical Temple
  5005 | Temple   | Became a worshipper of Warmaster Okawaru
  5169 | D:5      | Reached XP level 8. HP: 69/74 MP: 8/8
  5182 | D:5      | Found a white marble altar of Elyvilon.
  5202 | D:5      | Reached skill level 8 in Fighting
  5259 | D:5      | Found a sand-covered staircase.
  5263 | Ossuary  | Entered an ossuary
  6071 | D:5      | Found a basalt altar of Yredelemnul.
  6094 | D:5      | Found a transporter.
  6095 | D:5      | Noticed sokol815's ghost (novice OpFi)
  6782 | D:5      | Reached * piety under Okawaru
  6782 | D:5      | Reached skill level 9 in Fighting
  6850 | D:5      | Found a transporter.
  6964 | D:6      | Found a stormy altar of Qazlal.
  7064 | D:6      | Reached skill level 5 in Polearms
  7697 | D:7      | Found a snail-covered altar of Cheibriados.
  7969 | D:7      | Reached XP level 9. HP: 46/84 MP: 6/9
  8472 | D:7      | Identified a scroll of acquirement
  9074 | D:8      | Reached ** piety under Okawaru
  9074 | D:8      | Reached skill level 10 in Fighting
 11050 | D:9      | Reached *** piety under Okawaru
 11050 | D:9      | Received a gift from Okawaru
 11050 | D:9      | Reached skill level 11 in Fighting
 11050 | D:9      | Reached XP level 10. HP: 83/95 MP: 10/10
 11897 | D:9      | Found a staircase to the Lair.
 12214 | D:9      | Noticed a two-headed ogre
 12281 | D:9      | Killed a two-headed ogre
 12281 | D:9      | Reached **** piety under Okawaru
 12659 | D:9      | Reached skill level 12 in Fighting
 12930 | D:10     | Entered Level 10 of the Dungeon
 12977 | D:10     | Noticed a red ugly thing
 13613 | D:10     | Killed a red ugly thing
 13613 | D:10     | Reached ***** piety under Okawaru
 14114 | D:10     | Found a burning altar of Makhleb.
 14492 | D:11     | Noticed Urug
 14492 | D:11     | Noticed a red ugly thing
 14588 | D:11     | Found a flagged portal.
 14601 | Bailey   | Entered a bailey
 14716 | Bailey   | Reached XP level 11. HP: 82/104 MP: 11/11
 15962 | Bailey   | Found a roughly hewn altar of Beogh.
 15962 | Bailey   | Noticed an orc knight
 16040 | Bailey   | Killed an orc knight
 16040 | Bailey   | Received a gift from Okawaru
 16041 | Bailey   | Got an ebony longbow {god gift}
 16449 | Bailey   | Identified the +6 longbow of Purpose {venom, Str+5 Dex+2}
                  | (Okawaru gifted it to you in a bailey)
 17041 | D:11     | Noticed a cyan ugly thing
 17067 | D:11     | Killed a cyan ugly thing
 17070 | D:11     | Killed Urug
 17070 | D:11     | Reached skill level 10 in Polearms
 17147 | D:11     | Killed a red ugly thing
 17147 | D:11     | Reached skill level 10 in Bows
 17271 | D:11     | Received a gift from Okawaru
 17376 | D:11     | Noticed a five-headed hydra
 17397 | D:11     | Killed a five-headed hydra
 17397 | D:11     | Received a gift from Okawaru
 17683 | D:12     | Received a gift from Okawaru
 17683 | D:12     | Reached skill level 13 in Fighting
 17710 | D:12     | Noticed a two-headed ogre
 17846 | D:12     | Reached skill level 1 in Invocations
 18293 | D:12     | Noticed a death knight
 18309 | D:12     | Killed a death knight
 18576 | D:12     | Received a gift from Okawaru
 18930 | D:12     | Reached ****** piety under Okawaru
 18961 | D:12     | Slain by a freezing wraith

Skill      XL: |  1  2  3  4  5  6  7  8  9 10 11 |
---------------+----------------------------------+-----
Fighting       | 3 5 6 7 9 11 12 13 | 13.3
Bows           | 7 8 11 | 11.2
Polearms       | 3 5 7 9 10 | 10.3
Invocations    | 3 |  3.5
Dodging        | |  1.3
Stealth        | |  0.4

Action                   |  1- 3 |  4- 6 |  7- 9 | 10-12 || total
-------------------------+-------+-------+-------+-------++-------
Melee: Short sword       |    84 |   168 |    95 |       ||   347
       Kick              |    15 |    53 |   206 |    88 ||   362
       Trident           |       |       |   645 |   441 ||  1086
       Halberd           |       |       |       |    17 ||    17
 Fire: Shortbow          |     7 |    13 |    15 |    79 ||   114
       Longbow           |       |       |       |   152 ||   152
Evoke: Wand              |       |       |     3 |     4 ||     7
  Use: Scroll            |       |       |    18 |     3 ||    21
  Eat: Chunk             |       |     5 |     6 |     3 ||    14
       Ration            |       |       |     5 |     6 ||    11
Armor: Ring mail         |    36 |    79 |   393 |   254 ||   762
Dodge: Dodged            |    43 |    57 |   143 |   146 ||   389
